Unix NetHack Version 5.0.0-0 post-release - last build May 31 2026 23:59:36 (970b52f25bf058293b47ddfd14a1e40e571c508c,branch:main).

Game began 2026-06-02 11:50:26, ended 2026-06-02 11:54:19.

GdeVolpiano, lawful male human Archeologist

                                                                 .
                                                               --.-
                                                               |.@.|
                                                               |GG.--
                                                               --.G.--
                                                                |.0.<|
                                                                 . ...

GdeVolpiano the Digger     St:10 Dx:9 Co:13 In:13 Wi:18 Ch:13  Lawful
Dlvl:3  $:12 HP:0(14) Pw:2(2) AC:8  Xp:1 T:648 

Latest messages:
 There is a sewer rat corpse here; eat it? [ynq] (n)
 Blecch!  Rotten food!
 The world spins and goes dark.
 You are conscious again.
 There is a partly eaten sewer rat corpse here; eat it? [ynq] (n)
 You resume your meal.
 You feel tough!
 You must have been leading a healthy life-style.
 You finish eating the sewer rat corpse.
 You see here a tin.
 u - a tin.
 You find a hidden door.
 You descend the stairs.
 You climb up the stairs.
 Where do you want to travel to?
 (For instructions type a '?')
 You are already here.
 This door is locked.
 This door is locked.
 This door is locked.
 This door is locked.
 This door is locked.
 What do you want to use or apply? [ae-hkmnt or ?*]
 In what direction do you want to dig? [ykuln>]
 You start chopping at the door.
 You hit the door with all your might.
 You break through the door with your pick-axe.
 You hear the splashing of a naiad.
 You descend the stairs.
 The gnome lord wields a thonged club!
 The gnome lord secures the tether on the thonged club.
 The gnome lord swings his thonged club.
 The gnome lord hits!
 You hit the gnome lord.
 The gnome lord swings his thonged club.
 The gnome lord hits!
 What do you want to drink? [lop or ?*]
 You feel better.
 The gnome lord throws a thonged club!
 You are hit by a thonged club.
 The thonged club returns to the gnome lord's hand!
 You hit the gnome lord.
 You hit the gnome lord.
 The gnome misses!
 You hit the gnome lord.
 The gnome lord swings his thonged club.
 The gnome lord hits!
 The gnome hits!
 You die...
 Do you want your possessions identified? [ynq] (y)

Inventory:
 Coins    ('$')
  $ - 12 gold pieces
 Weapons  (')')
  a - a +2 bullwhip (alternate weapon; not wielded)
 Armor    ('[')
  c - an uncursed +0 fedora (being worn)
  s - an uncursed +0 elven cloak (being worn)
  b - an uncursed +0 leather jacket (being worn)
 Comestibles  ('%')
  d - 5 uncursed food rations
  u - an uncursed tin of dried kobold meat
  r - an uncursed lichen corpse
 Scrolls  ('?')
  j - an uncursed scroll of confuse monster
 Spellbooks  ('+')
  k - an uncursed spellbook of confuse monster
 Potions  ('!')
  p - an uncursed potion of extra healing
  o - an uncursed potion of full healing
  l - an uncursed potion of healing
 Tools    ('(')
  h - an empty uncursed sack
  n - a cursed blindfold
  t - an uncursed brass lantern
  m - a cursed oil lamp
  e - a +0 pick-axe (weapon in right hand)
  f - a tinning kit (0:75)
 Gems/Stones  ('*')
  g - an uncursed touchstone

GdeVolpiano the Archeologist's attributes:

Background:
 You were a Digger, a level 1 male human Archeologist.
 You were lawful, on a mission for Quetzalcoatl
 who was opposed by Camaxtli (neutral) and Huhetotl (chaotic).
 You were right-handed.
 You were in the Gnomish Mines, on level 3.
 You entered the dungeon 648 turns ago.
 There was a full moon in effect when your adventure ended.
 You had 19 experience points, 1 more was needed to attain level 2.

Basics:
 You had 0 out of 14 hit points.
 You had both energy points (spell power).
 Your armor class was 8.
 Your wallet contained 12 zorkmids.
 Autopickup was on for '$?!/="+' plus thrown, with exceptions.

Final Characteristics:
 Your strength was 10 (limit:18/100).
 Your dexterity was 9 (limit:18).
 Your constitution was 13 (limit:18).
 Your intelligence was 13 (limit:18).
 Your wisdom was 18 (limit:18).
 Your charisma was 13 (limit:18).

Final Status:
 You weren't hungry.
 You were unencumbered.
 You were wielding a pick-axe.
 You had basic skill with pick-axe.

Final Attributes:
 You were fervently aligned.
 You had automatic searching.
 You were stealthy.
 You were warded.
 You were lucky.
 You are dead.

Miscellaneous:
 You didn't encounter any bones levels.
 Total elapsed playing time was 3 minutes and 52 seconds.

Major events:
 Turn
    1: GdeVolpiano the lawful male human Archeologist entered the dungeon
  623: entered the Gnomish Mines
  648: killed by a gnome

You didn't know any spells.

Skills:
 Fighting Skills
   bare handed combat [Unskilled]
   two weapon combat  [Unskilled]
   riding             [Unskilled]
 Weapon Skills
   dagger             [Unskilled]
   knife              [Unskilled]
   pick-axe           [Basic]
   short sword        [Unskilled]
   saber              [Unskilled]
   club               [Unskilled]
   quarterstaff       [Unskilled]
   sling              [Unskilled]
   dart               [Unskilled]
   boomerang          [Unskilled]
   whip               [Basic]
   unicorn horn       [Unskilled]
 Spellcasting Skills
   attack spells      [Unskilled]
   healing spells     [Unskilled]
   divination spells  [Unskilled]
   matter spells      [Unskilled]

Voluntary challenges:
 Character rerolling was not enabled.
 You were an atheist.
 You never genocided any monsters.
 You never polymorphed an object.
 You never changed form.
 You used no wishes.
Achievement:
 You entered the Gnomish Mines.

 The Dungeons of Doom: levels 1 to 3
    Level 1:
    Level 2:
       A fountain.
       Stairs down to The Gnomish Mines.
    Level 3:
       A fountain.
 The Gnomish Mines:
    Level 3: <- You were here.
       Final resting place for
          you, killed by a gnome.


Vanquished creatures:
  a little dog
  a fox
  2 sewer rats
  3 grid bugs
  a lichen
  6 newts
14 creatures vanquished.

No species were genocided or became extinct.

Game over:
                       ----------
                      /          \
                     /    REST    \
                    /      IN      \
                   /     PEACE      \
                  /                  \
                  |   GdeVolpiano    |
                  |      12 Au       |
                  |   killed by a    |
                  |      gnome       |
                  |                  |
                  |                  |
                  |       2026       |
                 *|     *  *  *      | *
        _________)/\\_//(\/(/\)/\//\/|_)_______

Goodbye GdeVolpiano the Archeologist...

You died in The Gnomish Mines on dungeon level 3 with 197 points,
and 12 pieces of gold, after 648 moves.
You were level 1 with a maximum of 14 hit points when you died.

